 Dungeon Crawl Stone Soup version 0.31-a0-313-g785cd24033 (webtiles) character file.

Game seed: 6393271527289464430

183 AdnanSaban the Covered (level 5, -9/33 HPs)
             Began as a Gargoyle Fighter on July 17, 2023.
             Killed by divine providence
             ... invoked by an orc priest
              (14 damage)
             ... on level 3 of the Dungeon.
             The game lasted 00:03:52 (1872 turns).

AdnanSaban the Covered (Gargoyle Fighter)           Turns: 1872, Time: 00:03:52

Health: -9/33      AC: 13    Str: 27    XL:     5   Next: 62%
Magic:  5/5        EV:  9    Int:  9    God:
Gold:   115        SH:  4    Dex:  9    Spells: 4/4 levels left

rFire   . . .        a - +0 flail
rCold   . . .        c - +0 buckler
rNeg    + . .        b - +0 scale mail
rPois   ∞            r - +1 helmet {SInv}
rElec   +            (no cloak)
rCorr   .            (no gloves)
SInv    +            (no boots)
Will    .....        n - amulet of the acrobat Stlth
                     k - +6 ring of strength
HPRegen 0.25/turn    (no ring)
MPRegen 0.09/turn

%: acrobat
@: no status effects
A: sickness immunity, AC +4, negative energy resistance 1, electricity
resistance, torment resistance 1, petrification resistance
a: no special abilities


You were on level 3 of the Dungeon.
You visited 1 branch of the dungeon, and saw 3 of its levels.

You collected 115 gold pieces.

Inventory:

Hand Weapons
 a - a +0 flail (weapon)
Armour
 b - a +0 scale mail (worn)
 c - a +0 buckler (worn)
 r - a +1 helmet of see invisible (worn)
Jewellery
 k - a +6 ring of strength (left hand)
 n - an amulet of the acrobat (around neck)
Scrolls
 e - a scroll of fear {unknown}
 g - 2 scrolls of teleportation {unknown}
 h - 2 scrolls of immolation {unknown}
 i - a scroll of noise {unknown}
 j - 2 scrolls of identify {unknown}
 l - a scroll of vulnerability {unknown}
 m - 2 scrolls of torment {unknown}
 q - a scroll of enchant weapon {unknown}
Potions
 d - a potion of might
 f - 3 potions of curing {unknown}
 o - a potion of ambrosia {unknown}
 p - a potion of heal wounds {unknown}


   Skills:
 + Level 4.2 Fighting
 + Level 4.0 Maces & Flails
 + Level 4.2 Armour
 + Level 3.9 Shields


You had 4 spell levels left.
You didn't know any spells.
Your spell library contained the following spells:

 Spells                   Type           Power      Damage    Failure   Level
 Magic Dart               Conj           0%         1d3       71%         1
 Lesser Beckoning         Tloc           0%         N/A       83%         2
 Searing Ray              Conj           0%         2d4       83%         2
 Gell's Gravitas          Tloc           0%         N/A       97%         3
 Teleport Other           Tloc           0%         N/A       97%         3
 Fulminant Prism          Conj/Hex       0%         3d5       100%        4


Dungeon Overview and Level Annotations

Branches:
Dungeon (3/15)

Altars:
Nemelex Xobeh

Shops:
D:2 [[(![


Innate Abilities, Weirdness & Mutations

You are immune to sickness and miasma.
Your stone body is resilient. (AC +4)
You are immune to poison.
You resist negative energy. (rN+)
You are resistant to electric shocks. (rElec)
You are resistant to unholy torment.
You are immune to petrification.


Message History

You barely miss the orc. The orc barely misses you.
You barely miss the orc. The orc hits you with a +0 mace.
An orc priest comes into view. It is wielding a +0 flail.
You closely miss the orc.
The orc priest shouts!
You sock the orc!
You kill the orc!
The orc priest calls down the wrath of Beogh upon you.
Beogh smites you!
You barely miss the orc. The orc hits you but does no damage.
You hit the orc.
The orc is lightly wounded.
The orc barely misses you.
You hit the orc.
The orc is almost dead.
The orc hits you but does no damage.
The orc priest calls upon Beogh to heal the orc.
The orc is healed somewhat.
The orc barely misses you.
You barely miss the orc.
The orc is lightly wounded.
The orc hits you but does no damage.
You closely miss the orc.
The orc is lightly wounded.
The orc closely misses you.
You closely miss the orc.
The orc is lightly wounded.
The orc hits you with a +0 mace.
You hit the orc.
The orc is heavily wounded.
The orc barely misses you.
The orc priest invokes the aid of Beogh against you.
Beogh smites you!
* * * LOW HITPOINT WARNING * * *
You block the orc's attack.
You hit the orc.
You kill the orc!
You closely miss the orc priest.
The orc priest invokes the aid of Beogh against you.
Beogh smites you!
You die...

.. ##. ... #
##.. # #..# #
#.. # #o# # #@#
# ##.# ### #..#
..# ##.## #....
##..# # #.#
####..####### #
#.#
##...†.......##
♣♣♣..
#.............#
.P♣♣.
#.#...♣♣♣♣♣♣♣.#


You could see an orc priest.

Vanquished Creatures
  2 orc priests (D:3)
  Robin (D:3)
  4 adders
  2 worms
  2 dart slugs
  10 orcs
  2 endoplasms (D:3)
  2 giant cockroaches
  13 goblins
  3 hobgoblins
  4 jackals (D:1)
  3 ball pythons
  A bat (D:3)
  A frilled lizard (D:3)
  3 kobolds (D:1)
  7 rats
60 creatures vanquished.

Notes
Turn   | Place    | Note
-------+----------+-------------------------------------------
     0 | D:1      | AdnanSaban the Gargoyle Fighter began the quest for the
                  | Orb.
     0 | D:1      | Reached XP level 1. HP: 14/14 MP: 1/1
    95 | D:1      | Reached XP level 2. HP: 15/19 MP: 2/2
   700 | D:2      | Reached XP level 3. HP: 24/24 MP: 3/3
   765 | D:2      | Found Yseubucs's Distillery.
   816 | D:2      | Found Lufifyum's Weapon Emporium.
   836 | D:2      | Found Xeepyun's Armour Shoppe.
   878 | D:2      | Found Deroesiu's Armour Boutique.
   973 | D:2      | Found Asoennuv's Antique Armour Boutique.
  1209 | D:2      | Reached XP level 4. HP: 19/29 MP: 4/4
  1438 | D:3      | Found a sparkling altar of Nemelex Xobeh.
  1554 | D:3      | Noticed Robin
  1587 | D:3      | Reached XP level 5. HP: 23/33 MP: 5/5
  1588 | D:3      | Killed Robin
  1872 | D:3      | Killed from afar by an orc priest

Illustrated notes

Levels and vault maps discovered:
D:1:      sevenhm_arrival_forest_fort_small_3, layout_basic,
          nicolae_kite_square_tiling_tiny
D:2:      layout_basic, serial_shops, shop, nicolae_shop_overgrown_old_shop,
          shop, nicolae_shop_competitors_out_of_business, shop, hex_tiny
D:3:      layout_basic, nemelex_altar_shiori, serial_forest,
          infiniplex_forest_lined_ring, infiniplex_forest_end_3,
          infiniplex_forest_straight_5, infiniplex_forest_clump_small,
          infiniplex_forest_end_1, infiniplex_forest_zigzag_2,
          infiniplex_forest_corner_1, dreamdust_ecumenical_altar_statues,
          serial_park_tiny_1, uniq_robin

Skill      XL: |  1  2  3  4  5 |
---------------+----------------+-----
Maces & Flails | 3 4 |  4.0
Fighting       | 4 |  4.2
Armour         | 4 |  4.2
Shields        | |  3.9

Action                     |  1- 3 |  4- 6 || total
---------------------------+-------+-------++-------
  Melee: Flail             |    96 |    90 ||   186
 Armour: Scale mail        |    47 |    29 ||    76
  Dodge: Dodged            |    66 |    38 ||   104
  Block: Buckler           |    21 |    14 ||    35

Table legend: (Time is in decaauts)
 A = Elapsed time spent in this place.
 B = Non-inter-level travel time spent in this place.
 C = Inter-level travel time spent in this place.
 D = Time resting spent in this place.
 E = Time spent auto-exploring this place.
 F = Levels seen in this place.
 G = Mean time per level.
                   A        B        C        D        E       F      G
               +--------+--------+--------+--------+--------+-----+--------+
         Total |   1923 |   1775 |    148 |      8 |   1303 |   3 |  641.0 |
       Dungeon |   1923 |   1775 |    148 |      8 |   1303 |   3 |  641.0 |
               +--------+--------+--------+--------+--------+-----+--------+

Top non-repeatable levels by time:
     D:2: 720 daAuts
     D:1: 608 daAuts
     D:3: 594 daAuts
